Map: 버밀리언의 특종

Players

테라진

  • Race: Terran Terran
  • Spawn Location: 11:00

밤하늘

  • Race: Protoss Protoss
  • Spawn Location: 11:00

VOD

Have the link to the VOD?

Description

Time

  • Played on: March 14, 2019, 7:07 a.m.
  • Length: 23:14
Show
View Real Time Build Order
Export as new Build Order

테라진 Terran 

Build Orders:  

Get SALT Encoding   

  12  0:07  SCV  
Show
View Real Time Build Order
Export as new Build Order

밤하늘 Protoss 

Build Orders:  

Get SALT Encoding   

  12  0:02  Probe (Chrono Boost)  
  13  0:16  Probe (Chrono Boost)  
  14  0:30  Probe (Chrono Boost)  
  14  0:37  Xel'Naga Passageway  
  15  0:44  Probe (Chrono Boost)  
  16  0:58  Probe (Chrono Boost)  
  17  1:11  Probe (Chrono Boost)  
  18  1:30  Zoraya Legion  
  18  2:10  Ancient Nexus  
  18  2:27  Core Forge, Probe (Chrono Boost)  
  19  2:41  Probe (Chrono Boost)  
  20  2:55  Probe (Chrono Boost)  
  21  3:14  Probe (Chrono Boost)  
  21  3:17  Constructs Facility  
  22  3:21  Xel'Naga Shieldguard  
  23  3:37  Xel'Naga Shieldguard  
  24  3:51  Probe (Chrono Boost)  
  24  3:52  Xel'Naga Shieldguard  
  26  4:05  Probe (Chrono Boost)  
  26  4:07  Xel'Naga Shieldguard  
  27  4:19  Probe (Chrono Boost)  
  29  4:33  Probe (Chrono Boost)  
  29  4:37  Probe (Chrono Boost)  
  31  4:45  Constructs Bay  
  31  4:47  Probe (Chrono Boost)  
  32  4:53  Probe (Chrono Boost)  
  32  4:59  Xel'Naga Void Array x2  
  34  5:04  Probe (Chrono Boost)  
  34  5:07  Probe (Chrono Boost)  
  36  5:17  Zoraya Legion  
  36  5:18  Probe (Chrono Boost)  
  37  5:42  Xel'Naga Void Array  
  37  5:51  Xel'Naga Void Array  
  37  6:10  Xel'Naga Void Array  
  37  6:21  Xel'Naga Passageway  
  37  6:43  Xel'Naga Void Array  
  37  6:46  Probe (Chrono Boost)  
  38  6:52  Xel'Naga Watcher  
  38  7:00  Probe (Chrono Boost)  
  38  7:07  Xel'Naga Watcher  
  38  7:09  Xel'Naga Ambusher  
  41  7:14  Probe (Chrono Boost)  
  41  7:16  Xel'Naga Void Array  
  42  7:22  Xel'Naga Watcher  
  42  7:28  Probe (Chrono Boost)  
  43  7:30  Xel'Naga Ambusher  
  43  7:37  Xel'Naga Watcher  
  45  7:42  Probe (Chrono Boost)  
  46  7:51  Xel'Naga Ambusher  
  46  7:52  Xel'Naga Watcher  
  46  7:56  Xel'Naga Ambusher  
  46  7:57  Xel'Naga Void Array  
  50  8:02  Zoraya Legion  
  50  8:12  Xel'Naga Ambusher  
  50  8:17  Xel'Naga Ambusher  
  54  8:25  Probe (Chrono Boost)  
  55  8:30  Xel'Naga Void Array  
  55  8:33  Xel'Naga Ambusher  
  55  8:38  Probe (Chrono Boost)  
  58  9:10  Xel'Naga Void Array  
  58  9:32  Xel'Naga Ambusher x2  
  62  9:53  Xel'Naga Ambusher x2  
  64  10:03  Xel'Naga Void Array  
  64  10:06  Xel'Naga Void Array  
  64  10:12  Zoraya Legion  
  64  10:14  Xel'Naga Ambusher x2, Zoraya Legion  
  68  10:29  Xel'Naga Void Array  
  68  10:35  Xel'Naga Ambusher x2  
  72  10:49  Xel'Naga Void Array  
  72  10:55  Xel'Naga Shieldguard  
  72  10:56  Xel'Naga Shieldguard  
  74  11:14  Xel'Naga Shieldguard x2  
  76  11:27  Xel'Naga Void Array  
  76  11:42  Xel'Naga Ambusher x2  
  80  11:55  Xel'Naga Watcher, Xel'Naga Void Array  
  80  12:03  Xel'Naga Ambusher x2  
  82  12:10  Xel'Naga Watcher  
  82  12:19  Xel'Naga Void Array  
  82  12:23  Zoraya Legion  
  82  12:24  Xel'Naga Ambusher  
  82  12:25  Xel'Naga Watcher  
  82  12:40  Xel'Naga Watcher  
  82  12:44  Xel'Naga Void Array  
  80  12:55  Xel'Naga Watcher  
  80  12:58  Xel'Naga Ambusher x2  
  82  13:15  Xel'Naga Void Array  
  82  13:19  Xel'Naga Ambusher x2  
  86  13:24  Xel'Naga Void Array  
  86  13:40  Xel'Naga Ambusher  
  88  13:54  Xel'Naga Ambusher  
  88  13:57  Xel'Naga Ambusher, Xel'Naga Void Array  
  92  14:12  Xel'Naga Ambusher  
  92  14:14  Xel'Naga Ambusher  
  92  14:16  Xel'Naga Void Array  
  94  14:42  Zoraya Legion  
  94  15:13  Xel'Naga Void Array  
  94  15:45  Xel'Naga Void Array  
  94  16:00  Xel'Naga Void Array x2  
  95  16:10  Xel'Naga Void Array  
  95  16:17  Xel'Naga Ambusher  
  95  16:18  Xel'Naga Shieldguard  
  95  16:25  Xel'Naga Watcher  
  98  16:33  Xel'Naga Shieldguard  
  99  16:40  Xel'Naga Watcher  
  99  16:59  Xel'Naga Void Array  
  99  17:54  Xel'Naga Void Array  
  99  17:59  Xel'Naga Void Array  
  99  18:29  Xel'Naga Void Array  
  99  18:40  Xel'Naga Void Array  
  99  19:04  Xel'Naga Void Array  
  99  19:23  Xel'Naga Void Array  
  99  19:27  Xel'Naga Void Array  
  118  19:30  Xel'Naga Void Array  
  99  19:48  Xel'Naga Void Array  
  99  20:01  Xel'Naga Void Array  
  99  20:29  Zoraya Legion  
  99  20:46  Xel'Naga Void Array  
  98  22:34  Zoraya Legion  
Tags
 
Add a new tag
Caveats
  • Supply blocks, unpowered buildings, or Contaminate may cause inaccurate times.
  • Supply counts are checked every 10 seconds.